[Event "Titled Tuesday Blitz November 07 Late 2023"]
[White "Kokoszczynski, Jan"]
[Black "Harriott, Tyrell"]
[WhiteFideId "1174460"]
[BlackFideId "2086484"]
[WhiteElo "2609"]
[BlackElo "2366"]
[Result "1-0"]
[Round "6"]
[TimeControl "180+1"]
[Date "2023.11.07"]
[WhiteClock "0:00:13"]
[BlackClock "0:00:07"]
[Board "67"]

1. Nf3 d5 2. g3 e6 3. Bg2 Bd6 4. O-O f5 5. d4 Nf6 6. c4 c6 7. b3 O-O 8. Ba3 Bxa3 9. Nxa3 Bd7 10. Nc2 Be8 11. Nce1 Bh5 12. Ne5 Nbd7 13. N1d3 Nxe5 14. Nxe5 Nd7 15. Nxd7 Qxd7 16. Qd3 f4 17. e4 f3 18. Bh3 Bg6 19. Rfe1 dxe4 20. Rxe4 Bxe4 21. Qxe4 Rae8 22. Re1 Rf6 23. Bg4 Qf7 24. h4 g6 25. Re3 Kg7 26. Qe5 Kg8 27. d5 cxd5 28. cxd5 Qe7 29. Bxe6+ Rxe6 30. dxe6 Rf8 31. Qe4 Qd6 32. e7 Re8 33. Qxf3 Rxe7 34. Rxe7 Qxe7 35. Kg2 b6 36. Qd5+ Kg7 37. a4 h5 38. Kf3 Qf6+ 39. Ke2 Qe7+ 40. Kd3 Kh7 41. Kc4 Qe2+ 42. Qd3 Qxf2 43. Kb5 Qc5+ 44. Ka6 Qc7 45. b4 Qxg3 46. Kxa7 Qc7+ 47. Ka6 Kh6 48. Qe3+ Kh7 49. Qxb6 Qc4+ 50. Qb5 Qc8+ 51. Qb7+ Qxb7+ 52. Kxb7 g5 53. a5 g4 54. a6 g3 55. a7 g2 56. a8=Q g1=Q 57. Qf8 Qg2+ 58. Kb6 Qg1+ 59. Qc5 Qg6+ 60. Ka5 Qg4 61. Qe7+ Kg8 62. b5 Qg2 63. b6 Qa8+ 64. Kb5 Qd5+ 65. Kb4 Qd4+ 66. Ka5 Qc3+ 67. Qb4 Qa1+ 68. Kb5 Qf1+ 69. Kc6 Qf6+ 70. Kc7 Qe5+ 71. Qd6 Qc3+ 72. Qc6 Qb3 73. b7 Kf7 74. b8=Q Qxb8+ 75. Kxb8 Kg7 76. Qe6 Kh7 77. Qe7+ Kg6 78. Qg5+ Kf7 79. Qxh5+ Kg7 80. Qg5+ Kf7 81. h5 Kf8 82. h6 Kf7 83. h7 Kf8 84. h8=Q+ Kf7 85. Qhf6+ Ke8 86. Qe7# 1-0


[Site "https://www.chess.com"]

[Event "Titled Tuesday Blitz November 07 Late 2023"]
[White "Sturt, Raven"]
[Black "Samarth J Rao"]
[WhiteFideId "2007304"]
[BlackFideId "46652370"]
[WhiteElo "2600"]
[BlackElo "2113"]
[Result "1-0"]
[Round "6"]
[TimeControl "180+1"]
[Date "2023.11.07"]
[WhiteClock "0:01:02"]
[BlackClock "0:00:00"]
[Board "68"]

1. f4 d5 2. Nf3 Nf6 3. e3 g6 4. b3 Bg7 5. Bb2 O-O 6. Be2 c5 7. O-O Nc6 8. Na3 a6 9. Ne5 Nxe5 10. fxe5 Ne8 11. d4 Bf5 12. c4 Nc7 13. dxc5 dxc4 14. Nxc4 Ne6 15. b4 Qc7 16. Qb3 Be4 17. Bf3 Ng5 18. Rad1 Rfd8 19. Rxd8+ Rxd8 20. Bxe4 Nxe4 21. e6 f5 22. Bxg7 Kxg7 23. Qb2+ Nf6 24. Qe5 Qxe5 25. Nxe5 Rd2 26. a3 Nd5 27. Nc4 Rc2 28. Rd1 Nf6 29. Na5 Ne4 30. Nxb7 Kf6 31. Nd8 Rc3 32. c6 1-0


[Site "https://www.chess.com"]

[Event "Titled Tuesday Blitz November 07 Late 2023"]
[White "Pavlidou, Ekaterini"]
[Black "ChessBrainiacOnTwitch"]
[WhiteFideId "4213262"]
[WhiteElo "2355"]
[BlackElo "2783"]
[Result "0-1"]
[Round "6"]
[TimeControl "180+1"]
[Date "2023.11.07"]
[WhiteClock "0:00:05"]
[BlackClock "0:00:46"]
[Board "69"]

1. d4 Nf6 2. c4 g6 3. Nc3 Bg7 4. e4 d6 5. Bd3 O-O 6. Nge2 Nbd7 7. h3 e5 8. d5 a5 9. Be3 b6 10. g4 Nc5 11. Bc2 h5 12. f3 Nh7 13. Qd2 h4 14. O-O-O Bf6 15. f4 exf4 16. Nxf4 Ng5 17. Rdf1 Re8 18. Qg2 Bxc3 19. bxc3 Ngxe4 20. Bd4 Qg5 21. Kb1 Bd7 22. Ne6 Nd2+ 23. Kc1 Nxe6 24. Qxd2 Qxd2+ 25. Kxd2 Nxd4 26. cxd4 Kg7 27. g5 Re7 28. Rf3 Rae8 29. Bd3 Rh8 30. Rf4 Rh5 31. Rhf1 Rxg5 32. R1f2 Rg3 33. Rxh4 Rxh3 34. Rxh3 Bxh3 35. Rf3 Bd7 36. Kc3 f5 37. c5 Kf6 38. c6 Be8 39. Rh3 Bf7 40. Rh7 Bxd5 41. Rh8 Bf7 42. Bb5 g5 43. Rd8 g4 44. Kd2 Bxa2 45. Rf8+ Bf7 46. Bc4 Kg7 47. Rd8 Bxc4 48. Rd7 Kf6 0-1


[Site "https://www.chess.com"]

[Event "Titled Tuesday Blitz November 07 Late 2023"]
[White "Hilary46"]
[Black "elmusmolamas"]
[WhiteElo "2692"]
[BlackElo "2498"]
[Result "1-0"]
[Round "6"]
[TimeControl "180+1"]
[Date "2023.11.07"]
[WhiteClock "0:01:24"]
[BlackClock "0:01:23"]
[Board "70"]

1. e4 c5 2. Nf3 d6 3. d4 cxd4 4. Nxd4 Nf6 5. Nc3 a6 6. Bg5 e6 7. f4 Be7 8. Qf3 Nbd7 9. O-O-O Qc7 10. Bd3 b5 11. Rhe1 Bb7 12. Qg3 O-O-O 13. Bxf6 Bxf6 14. Bxb5 axb5 15. Ndxb5 Qa5 16. Nxd6+ Kb8 17. e5 Be7 18. Nxf7 Nb6 19. Nxd8 Bxd8 20. Qxg7 Re8 21. Qf7 Bc6 22. Rd6 Qc5 23. Red1 Bc7 24. Rxe6 Rc8 25. Rxc6 Qxc6 26. g4 Nc4 27. Qd5 Qa6 28. Qb5+ Qxb5 29. Nxb5 Ne3 30. Rd3 Nxg4 31. Nxc7 Rxc7 32. h3 Nf2 33. Re3 Kc8 34. e6 Kd8 35. f5 Ke7 36. f6+ Kxf6 37. Rf3+ Kxe6 38. Rxf2 1-0


[Site "https://www.chess.com"]

[Event "Titled Tuesday Blitz November 07 Late 2023"]
[White "Mladenovic, Stefan"]
[Black "Jovic, Stanoje"]
[WhiteFideId "942227"]
[BlackFideId "905020"]
[WhiteElo "2648"]
[BlackElo "2450"]
[Result "1-0"]
[Round "6"]
[TimeControl "180+1"]
[Date "2023.11.07"]
[WhiteClock "0:01:16"]
[BlackClock "0:00:00"]
[Board "71"]

1. d4 Nf6 2. Nf3 e6 3. e3 d5 4. Bd3 Be7 5. O-O b6 6. b3 O-O 7. Bb2 c5 8. Nbd2 Bb7 9. Qe2 Ne4 10. dxc5 bxc5 11. Rfd1 Nd7 12. c4 Qc7 13. Rac1 f5 14. cxd5 exd5 15. Ba6 Bxa6 16. Qxa6 Qb6 17. Qd3 Ndf6 18. Bxf6 Nxf6 19. Qxf5 a5 20. Ng5 h6 21. Ne6 Rf7 22. Nf3 Ra6 23. Nf4 a4 24. Nxd5 Nxd5 25. Qxd5 Qf6 26. Ne5 Qxf2+ 27. Kh1 Rf6 28. Nxf7 Rxf7 29. Rf1 1-0


[Site "https://www.chess.com"]

[Event "Titled Tuesday Blitz November 07 Late 2023"]
[White "Meduri, Aakaash"]
[Black "Adla, Diego"]
[WhiteFideId "2032252"]
[BlackFideId "100072"]
[WhiteElo "2464"]
[BlackElo "2631"]
[Result "1/2-1/2"]
[Round "6"]
[TimeControl "180+1"]
[Date "2023.11.07"]
[WhiteClock "0:00:07"]
[BlackClock "0:00:07"]
[Board "72"]

1. d4 Nf6 2. Bf4 d5 3. e3 c5 4. dxc5 Nc6 5. Bb5 e6 6. b4 a5 7. c3 Bd7 8. Qb3 axb4 9. cxb4 d4 10. Nf3 Nd5 11. Bxc6 Bxc6 12. O-O Be7 13. Nbd2 Nxf4 14. exf4 b6 15. cxb6 Qxb6 16. a3 O-O 17. Ne5 Bd5 18. Qb2 Qb7 19. f3 Rfd8 20. Rfd1 g5 21. fxg5 Bxg5 22. Nf1 Bf6 23. Rxd4 Bg7 24. Rg4 f6 25. Nd3 Kh8 26. Nc5 Qa7 27. Ng3 f5 28. Rxg7 Qxg7 29. Qxg7+ Kxg7 30. Kf2 Kf6 31. a4 Ke5 32. Ne2 Kd6 33. Nd4 Rdb8 34. Nd3 Bc4 35. Nb2 Rxb4 36. Nxc4+ Rxc4 37. Nb5+ Kc5 38. Re1 Raxa4 39. Nc7 Rc2+ 40. Kg3 Raa2 41. Nxe6+ Kd6 42. Nf4 Ra7 43. Re6+ Kc5 44. Rf6 Kd4 45. Rxf5 Re7 46. Rd5+ Kc4 47. Rd6 Kc5 48. Rd5+ Kc6 49. Rg5 Kd7 50. h4 Ke8 51. Rg4 Kf7 52. h5 Kf8 53. h6 Rc6 54. Rh4 Rf7 55. Kh3 Ke7 56. Nd5+ Kd6 57. Ne3 Ke7 58. Nd5+ Kd7 59. Ne3 Rg6 60. Ng4 Ke6 61. Rh5 Rf4 62. Re5+ Kf7 63. Ra5 Rfxg4 64. fxg4 Rxh6+ 65. Kg3 Re6 66. g5 Kg6 67. Kf4 Rb6 68. Re5 Rb4+ 69. Re4 Rxe4+ 70. Kxe4 Kxg5 71. Kf3 h5 72. Kg3 h4+ 73. Kh3 Kh5 74. Kh2 Kg4 75. Kg1 Kg3 76. Kh1 Kf2 77. Kh2 Kf1 78. Kh3 Kg1 79. Kxh4 Kxg2 1/2-1/2


[Site "https://www.chess.com"]

[Event "Titled Tuesday Blitz November 07 Late 2023"]
[White "Marchesich, Giovanni"]
[Black "Fiorito, Francisco"]
[WhiteFideId "2824790"]
[BlackFideId "180165"]
[WhiteElo "2429"]
[BlackElo "2601"]
[Result "0-1"]
[Round "6"]
[TimeControl "180+1"]
[Date "2023.11.07"]
[WhiteClock "0:00:00"]
[BlackClock "0:00:16"]
[Board "73"]

1. e4 e5 2. Nf3 Nf6 3. Nc3 Bb4 4. Nxe5 O-O 5. Be2 Re8 6. Nd3 Bxc3 7. dxc3 Nxe4 8. O-O Nc6 9. Be3 d6 10. Bf3 Bf5 11. Nf4 Qd7 12. Re1 Nf6 13. Nd5 Nxd5 14. Bxd5 Be4 15. Bb3 Re7 16. f3 Bf5 17. Qd2 Rae8 18. Bg5 Rxe1+ 19. Rxe1 Rxe1+ 20. Qxe1 Be6 21. Qe4 h6 22. Be3 a6 23. f4 Bxb3 24. axb3 Ne7 25. h3 c6 26. g4 Nd5 27. Bd2 Nf6 28. Qe2 Nd5 29. c4 Nc7 30. Kg2 Ne6 31. Kg3 f6 32. Bc3 Nc5 33. b4 Ne6 34. f5 Ng5 35. h4 Nf7 36. Qe4 d5 37. cxd5 cxd5 38. Qf4 Nd6 39. Bd4 Ne4+ 40. Kf3 Qc8 41. c3 Qc4 42. Qb8+ Kh7 43. Ke3 Qf1 44. Qh2 Qe1+ 45. Qe2 Qxh4 46. Kd3 Qg3+ 47. Kc2 Qf4 0-1


[Site "https://www.chess.com"]

[Event "Titled Tuesday Blitz November 07 Late 2023"]
[White "Ozates, Tuna"]
[Black "Arnold, Ken"]
[WhiteFideId "6354521"]
[BlackFideId "2056836"]
[WhiteElo "2583"]
[BlackElo "2420"]
[Result "1-0"]
[Round "6"]
[TimeControl "180+1"]
[Date "2023.11.07"]
[WhiteClock "0:00:16"]
[BlackClock "0:00:12"]
[Board "74"]

1. e4 c6 2. d4 d5 3. exd5 cxd5 4. c4 Nf6 5. Nc3 e6 6. Nf3 Bb4 7. Bd3 Nc6 8. O-O dxc4 9. Bxc4 O-O 10. Bg5 Be7 11. a3 b6 12. Qd3 Bb7 13. Rad1 Nd5 14. Bd2 Bf6 15. Rfe1 Nce7 16. Bb3 Nxc3 17. bxc3 Rc8 18. Ne5 Ng6 19. Nxg6 hxg6 20. Re3 Bd5 21. c4 Bb7 22. Bb4 Re8 23. d5 exd5 24. Rxe8+ Qxe8 25. cxd5 a5 26. d6 Bc6 27. Bd2 Bb5 28. Qxg6 Bc4 29. Bxc4 Rxc4 30. Qb1 Bd4 31. Qd3 Qa4 32. Bg5 f6 33. d7 1-0


[Site "https://www.chess.com"]

[Event "Titled Tuesday Blitz November 07 Late 2023"]
[White "Herman, Daniel"]
[Black "The_Straightforward_Rook"]
[WhiteFideId "30935008"]
[WhiteElo "2414"]
[BlackElo "2570"]
[Result "1-0"]
[Round "6"]
[TimeControl "180+1"]
[Date "2023.11.07"]
[WhiteClock "0:00:36"]
[BlackClock "0:00:14"]
[Board "75"]

1. Nf3 Nf6 2. g3 d5 3. Bg2 c5 4. O-O e6 5. c4 d4 6. e3 Nc6 7. exd4 cxd4 8. d3 Bd6 9. Bg5 h6 10. Bxf6 Qxf6 11. Nbd2 Qe7 12. Re1 O-O 13. Nb3 Bc5 14. Nxc5 Qxc5 15. Nd2 Rd8 16. f4 a5 17. Rf1 a4 18. Ne4 Qe7 19. Qe2 Bd7 20. Rae1 Ra5 21. c5 Be8 22. f5 e5 23. f6 Qf8 24. fxg7 Qxg7 25. Nf6+ Kh8 26. Bxc6 Bxc6 27. Qxe5 Raa8 28. Rf4 a3 29. b3 Re8 30. Nxe8 Qxe5 31. Rxe5 Bxe8 32. Rxd4 Bc6 33. Re7 Ra5 34. b4 Ra8 35. Rxf7 Re8 36. Kf2 Kg8 37. Rdf4 Bd5 38. Rd7 Bxa2 39. Rxb7 Bd5 40. Ra7 a2 41. b5 Ra8 42. Rxa8+ Bxa8 43. Ra4 Bd5 44. c6 Kf7 45. c7 Be6 46. Rxa2 1-0


[Site "https://www.chess.com"]

[Event "Titled Tuesday Blitz November 07 Late 2023"]
[White "Wanyama, Harold"]
[Black "Przybylski, Wojciech"]
[WhiteFideId "10000380"]
[BlackFideId "1117599"]
[WhiteElo "2425"]
[BlackElo "2525"]
[Result "0-1"]
[Round "6"]
[TimeControl "180+1"]
[Date "2023.11.07"]
[WhiteClock "0:00:00"]
[BlackClock "0:00:07"]
[Board "76"]

1. d4 Nf6 2. c4 e6 3. g3 d5 4. Bg2 dxc4 5. Nf3 Nc6 6. Qa4 Bd7 7. Qxc4 a6 8. a4 Bd6 9. O-O O-O 10. Nc3 Na5 11. Qa2 b5 12. Ne5 b4 13. Bxa8 Qxa8 14. Nxd7 Nxd7 15. Nd1 Qe4 16. Be3 Qc2 17. Qb1 Qxe2 18. b3 Qf3 19. Qd3 Nf6 20. Nb2 h5 21. Nc4 h4 22. Qd1 Qd5 23. Nxa5 h3 24. f3 Qxa5 25. Rf2 Qd5 26. Rb1 a5 27. Qf1 Qh5 28. Qb5 Nd5 29. Bd2 Qg6 30. Re1 Ra8 31. Qc6 Rf8 32. Qa6 Qc2 33. Bxb4 Qxb3 34. Bxd6 cxd6 35. Qxa5 Qc4 36. Rd2 Rc8 37. Qb5 Qc3 38. Qd3 Qb4 39. Ra1 Rc3 40. Qe2 Re3 41. Qf1 Qxd2 42. Qxh3 Rxf3 43. Qg2 Qxd4+ 44. Kh1 Qxa1+ 0-1


[Site "https://www.chess.com"]

[Event "Titled Tuesday Blitz November 07 Late 2023"]
[White "Ziatdinov, Raset"]
[Black "Maect19"]
[WhiteFideId "2015323"]
[WhiteElo "2518"]
[BlackElo "2349"]
[Result "1-0"]
[Round "6"]
[TimeControl "180+1"]
[Date "2023.11.07"]
[WhiteClock "0:01:36"]
[BlackClock "0:00:09"]
[Board "77"]

1. e4 e5 2. Nf3 Nc6 3. d4 exd4 4. c3 Nf6 5. e5 Ne4 6. Bd3 d5 7. cxd4 Bb4+ 8. Nbd2 Bg4 9. O-O Bxd2 10. Bxd2 Nxd2 11. Qxd2 Bxf3 12. gxf3 Nxd4 13. Qe3 Qg5+ 14. Kh1 Qxe3 15. fxe3 Ne6 16. f4 O-O-O 17. Rac1 Kb8 18. f5 Ng5 19. h4 Ne4 20. Bxe4 dxe4 21. Rc4 Rd2 22. Rxe4 Rxb2 23. e6 f6 24. Rd1 Kc8 25. Red4 Rb6 26. Rd7 g6 27. Rf7 gxf5 28. e7 1-0


[Site "https://www.chess.com"]

[Event "Titled Tuesday Blitz November 07 Late 2023"]
[White "Rangel, Daniel"]
[Black "Ramadoss, Ashokkumar"]
[WhiteFideId "2124475"]
[BlackFideId "5040990"]
[WhiteElo "2513"]
[BlackElo "2337"]
[Result "1-0"]
[Round "6"]
[TimeControl "180+1"]
[Date "2023.11.07"]
[WhiteClock "0:02:19"]
[BlackClock "0:01:31"]
[Board "78"]

1. c4 Nf6 2. g3 g6 3. Bg2 Bg7 4. Nc3 O-O 5. e4 d6 6. Nge2 c5 7. d3 Nc6 8. O-O a6 9. h3 Rb8 10. f4 Bd7 11. a4 Ne8 12. Be3 Nc7 13. d4 cxd4 14. Nxd4 Nxd4 15. Bxd4 Bxd4+ 16. Qxd4 Ne6 17. Qe3 Qa5 18. Nd5 Rfe8 19. f5 Nf8 20. b4 Qd8 21. f6 e6 22. Qh6 1-0


[Site "https://www.chess.com"]

[Event "Titled Tuesday Blitz November 07 Late 2023"]
[White "Awoki, Daniel Teidi"]
[Black "Reprintsev, Alexander"]
[WhiteFideId "2100827"]
[BlackFideId "14100541"]
[WhiteElo "2308"]
[BlackElo "2508"]
[Result "1-0"]
[Round "6"]
[TimeControl "180+1"]
[Date "2023.11.07"]
[WhiteClock "0:00:07"]
[BlackClock "0:00:47"]
[Board "79"]

1. e4 d5 2. exd5 Qxd5 3. Nc3 Qa5 4. Bc4 Nf6 5. d3 Bg4 6. Ne2 e5 7. O-O Nc6 8. a3 O-O-O 9. Bd2 Qc5 10. b4 Qe7 11. f3 Be6 12. Bxe6+ Qxe6 13. f4 e4 14. dxe4 Nxe4 15. Nxe4 Qxe4 16. Qe1 Bd6 17. Kh1 Rhe8 18. Nc3 Qxc2 19. Qf2 Bxb4 20. axb4 Rxd2 21. Qg3 Qd3 22. Qg4+ Kb8 23. Qxg7 Nxb4 24. Qxf7 Rd8 25. Rac1 Nc6 26. f5 Qd7 27. Qf6 Rg8 28. Rg1 Qg7 29. Qxg7 Rxg7 30. Ne4 Rd8 31. f6 Rf7 32. g4 h6 33. h4 Ne5 34. g5 hxg5 35. hxg5 Nd3 36. Rcd1 Rh8+ 37. Kg2 Nf4+ 38. Kf3 Ng6 39. Rh1 Re8 40. Rh6 Ne5+ 41. Kf4 b6 42. g6 Nxg6+ 43. Rxg6 a5 44. Rdg1 a4 45. Rg8 Rff8 46. Rxf8 Rxf8 47. Kf5 Kb7 48. Ke6 b5 49. Ke7 Ra8 50. f7 Kb6 51. Rg8 1-0


[Site "https://www.chess.com"]

[Event "Titled Tuesday Blitz November 07 Late 2023"]
[White "Urbina Perez, Juan Antonio"]
[Black "Bazzano, Sebastian"]
[WhiteFideId "2217368"]
[BlackFideId "104566"]
[WhiteElo "2507"]
[BlackElo "2259"]
[Result "1-0"]
[Round "6"]
[TimeControl "180+1"]
[Date "2023.11.07"]
[WhiteClock "0:00:56"]
[BlackClock "0:00:04"]
[Board "80"]

1. e4 e6 2. d4 d5 3. Nd2 dxe4 4. Nxe4 Bd7 5. Nf3 Bc6 6. Bd3 Bxe4 7. Bxe4 c6 8. O-O Nf6 9. Bd3 Bd6 10. c3 Nbd7 11. Re1 O-O 12. Bc2 Qc7 13. g3 Rfe8 14. Bg5 h6 15. Be3 Nd5 16. Bd2 N5f6 17. Qe2 e5 18. dxe5 Nxe5 19. Nxe5 Rxe5 20. Qf3 Rae8 21. Rxe5 Bxe5 22. Re1 Bd6 23. Rxe8+ Nxe8 24. Qf5 g6 25. Qe4 Qe7 26. Qxe7 Bxe7 27. Bxh6 f5 28. Be3 Kf7 29. Bxa7 Nd6 30. Bb3+ Kf6 31. Bd4+ Kg5 32. h4+ Kh6 33. Be3+ Kg7 34. Kf1 Ne4 35. Bc2 Nd6 36. Bd3 Bf6 37. a4 Kf7 38. Ke2 Ke6 39. Kd2 Kd5 40. Kc2 c5 41. Bf1 c4 42. Bg2+ Ke6 43. Bc5 1-0


[Site "https://www.chess.com"]

[Event "Titled Tuesday Blitz November 07 Late 2023"]
[White "Mekhitarian, Krikor Sevag"]
[Black "Harish, Neeraj"]
[WhiteFideId "2107660"]
[BlackFideId "30958130"]
[WhiteElo "2746"]
[BlackElo "2287"]
[Result "0-1"]
[Round "6"]
[TimeControl "180+1"]
[Date "2023.11.07"]
[WhiteClock "0:01:49"]
[BlackClock "0:00:52"]
[Board "81"]

1. Nf3 d5 2. c4 e6 3. d4 Nf6 4. cxd5 exd5 5. Nc3 Be7 6. Bf4 c6 7. e3 O-O 8. h3 Bd6 9. Bxd6 Qxd6 10. Bd3 Re8 11. Qc2 Nbd7 12. O-O-O b5 13. Kb1 a5 14. Ne2 a4 15. Rc1 Bb7 16. Ng3 Nb6 17. Nf5 Qf8 18. g4 Nc4 19. Ka1 Ne4 20. Ne5 Nxe5 21. dxe5 Rxe5 22. f3 Nf6 23. g5 Nd7 24. Rhe1 b4 25. f4 Ree8 26. Nd4 g6 27. Nxc6 Rec8 28. Bb5 Nb8 29. Qd2 Nxc6 30. Qxd5 Na5 31. Qd4 Nb3+ 32. axb3 axb3+ 33. Kb1 Ra1+ 34. Kxa1 Ra8+ 35. Kb1 Ra1+ 36. Kxa1 Qa8+ 37. Kb1 Qa2# 0-1


[Site "https://www.chess.com"]

[Event "Titled Tuesday Blitz November 07 Late 2023"]
[White "Luczak, Filip"]
[Black "ATM622"]
[WhiteFideId "1193686"]
[WhiteElo "2666"]
[BlackElo "2422"]
[Result "1-0"]
[Round "6"]
[TimeControl "180+1"]
[Date "2023.11.07"]
[WhiteClock "0:01:46"]
[BlackClock "0:00:02"]
[Board "82"]

1. d4 Nf6 2. Nc3 d5 3. Bf4 e6 4. e3 Bb4 5. Bd3 c5 6. dxc5 Bxc5 7. Nf3 Nc6 8. O-O O-O 9. e4 d4 10. Ne2 Nh5 11. Bg5 Qb6 12. e5 f6 13. exf6 gxf6 14. Bh6 Rf7 15. Ng3 Nxg3 16. hxg3 e5 17. Re1 Bg4 18. Qd2 Re8 19. Nh4 Nb4 20. Bf5 Bxf5 21. Nxf5 Qe6 22. Nxd4 Bxd4 23. Qxb4 Qf5 24. Qxd4 Rd7 25. Qe4 Qh5 26. Be3 f5 27. g4 fxg4 28. g3 Rf7 29. Rad1 Rf6 30. Rd5 Ree6 31. c4 Rh6 32. Bxh6 Rxh6 33. Qg2 Rf6 34. Rdxe5 Qg6 35. Re8+ Kg7 36. R1e7+ Kh6 37. Qh2+ Kg5 38. Qh4+ 1-0


[Site "https://www.chess.com"]

[Event "Titled Tuesday Blitz November 07 Late 2023"]
[White "Tokhirjonova, Gulrukhbegim"]
[Black "hristos03"]
[WhiteFideId "14203626"]
[WhiteElo "2635"]
[BlackElo "2422"]
[Result "1-0"]
[Round "6"]
[TimeControl "180+1"]
[Date "2023.11.07"]
[WhiteClock "0:00:47"]
[BlackClock "0:00:00"]
[Board "83"]

1. e4 c5 2. Nf3 d5 3. exd5 Nf6 4. c4 g6 5. Nc3 Bg7 6. d4 cxd4 7. Nxd4 O-O 8. Be2 Nbd7 9. O-O Ne5 10. h3 Re8 11. Be3 Qa5 12. a3 Qc7 13. Rc1 a6 14. b4 Nxc4 15. Bxc4 Qxc4 16. Ncb5 axb5 17. Rxc4 bxc4 18. Nb5 Rd8 19. Nc7 Rxa3 20. Qc1 Ra4 21. Qxc4 Bd7 22. Rc1 Rc8 23. Qc5 Bf8 24. Qb6 e6 25. Qxb7 Rxb4 26. Qa6 exd5 27. Qxf6 d4 28. Bxd4 1-0


[Site "https://www.chess.com"]

[Event "Titled Tuesday Blitz November 07 Late 2023"]
[White "Su, Dion"]
[Black "Janaszak, Dawid"]
[WhiteFideId "2029731"]
[BlackFideId "1119206"]
[WhiteElo "2421"]
[BlackElo "2622"]
[Result "0-1"]
[Round "6"]
[TimeControl "180+1"]
[Date "2023.11.07"]
[WhiteClock "0:00:08"]
[BlackClock "0:00:29"]
[Board "84"]

1. e4 c6 2. d4 g6 3. Nc3 Bg7 4. Nf3 d6 5. Bc4 Nf6 6. Bb3 Bg4 7. h3 Bxf3 8. Qxf3 O-O 9. O-O Nbd7 10. Rd1 Qc7 11. Qe2 e5 12. Be3 Nh5 13. dxe5 Nxe5 14. f4 Nd7 15. Qd3 d5 16. exd5 Nxf4 17. Bxf4 Qxf4 18. dxc6 Ne5 19. Qe4 Qxe4 20. Nxe4 Nxc6 21. Rd7 Na5 22. Rf1 Nxb3 23. axb3 Bxb2 24. Rxb7 f5 25. Ng5 h6 26. Ne6 Rf7 27. Rb5 Re8 28. Nf4 g5 29. Nd3 Bd4+ 30. Kh2 f4 31. Nf2 Re2 32. Ng4 Kg7 33. Rd5 Bb6 34. c4 Bc7 35. Rf3 Rb2 36. c5 Re7 37. h4 gxh4 38. Kh3 Rb1 39. Nf2 Kg6 40. Kxh4 Re3 41. Kg4 Rbxb3 42. Rd7 Be5 43. Nh3 h5+ 44. Kh4 Rxf3 45. gxf3 Rxf3 46. Ng5 Bf6 47. Rd6 Rg3 48. Rxf6+ Kxf6 49. Ne4+ Ke5 50. Nxg3 fxg3 0-1


[Site "https://www.chess.com"]

[Event "Titled Tuesday Blitz November 07 Late 2023"]
[White "aghasiyevkamal"]
[Black "Novikova, Galina"]
[BlackFideId "4157095"]
[WhiteElo "2604"]
[BlackElo "2419"]
[Result "1-0"]
[Round "6"]
[TimeControl "180+1"]
[Date "2023.11.07"]
[WhiteClock "0:00:18"]
[BlackClock "0:00:04"]
[Board "85"]

1. e4 e6 2. d4 d5 3. Nc3 Bb4 4. e5 c5 5. Bd2 Ne7 6. a3 Bxc3 7. Bxc3 cxd4 8. Qxd4 Nbc6 9. Qg4 O-O 10. Nf3 a6 11. Bd3 Nf5 12. Qh3 d4 13. Bd2 Qd5 14. O-O Nxe5 15. Nxe5 Qxe5 16. g4 Nh6 17. Rae1 Qf6 18. g5 e5 19. Qxc8 Qf3 20. Be4 Qh5 21. Qc7 Ng4 22. Kg2 Rac8 23. Qd7 Qxh2+ 24. Kf3 Qh3+ 25. Ke2 d3+ 26. Qxd3 Qh5 27. Qf3 f5 28. Rh1 Qf7 29. Bd5 e4 30. Bxf7+ Rxf7 31. Qb3 Kf8 32. Bb4+ Kg8 33. g6 hxg6 34. Rh8+ Kxh8 35. Qxf7 Ne5 36. Rh1# 1-0


[Site "https://www.chess.com"]

[Event "Titled Tuesday Blitz November 07 Late 2023"]
[White "Carrasco Miranda, Andres"]
[Black "GatoRojo150"]
[WhiteFideId "3405990"]
[WhiteElo "2414"]
[BlackElo "2602"]
[Result "0-1"]
[Round "6"]
[TimeControl "180+1"]
[Date "2023.11.07"]
[WhiteClock "0:01:36"]
[BlackClock "0:01:53"]
[Board "86"]

1. c4 e5 2. g3 Nf6 3. Bg2 c6 4. d4 exd4 5. Qxd4 d5 6. Nc3 Na6 7. cxd5 Nb4 8. Qd1 Nfxd5 9. Bd2 Be6 10. Nf3 Nxc3 11. Bxc3 Qxd1+ 12. Rxd1 Nxa2 13. Nd4 Nxc3 14. bxc3 Bd7 15. O-O O-O-O 16. Ra1 Bc5 17. Nb3 Bb6 18. c4 Be6 19. c5 Bxb3 20. cxb6 axb6 21. Rfb1 Bc4 22. Rxb6 Bxe2 23. Bxc6 bxc6 24. Ra7 Bf3 0-1


[Site "https://www.chess.com"]

[Event "Titled Tuesday Blitz November 07 Late 2023"]
[White "UK_23"]
[Black "Flameboard08"]
[WhiteElo "2413"]
[BlackElo "2594"]
[Result "0-1"]
[Round "6"]
[TimeControl "180+1"]
[Date "2023.11.07"]
[WhiteClock "0:00:45"]
[BlackClock "0:00:33"]
[Board "87"]

1. e4 a6 2. d4 d6 3. Nc3 g6 4. Nf3 Bg7 5. Be2 Nd7 6. O-O b5 7. a3 Bb7 8. Re1 e5 9. dxe5 dxe5 10. Be3 Ngf6 11. Nd2 O-O 12. Bf1 Nb6 13. f3 h5 14. Nb3 Nfd7 15. Na5 Qc8 16. Nxb7 Qxb7 17. Qd2 Rfd8 18. Rad1 Bf6 19. Nd5 Nxd5 20. Qxd5 c6 21. Qd6 Kg7 22. b3 Nf8 23. Qc5 Be7 24. Qxe5+ Bf6 25. Qc5 Ne6 26. Qb4 c5 27. Bxc5 a5 28. Rxd8 axb4 29. Rxa8 Qxa8 30. Bxb4 Be7 31. Bc3+ Bf6 32. Bb4 Qc6 33. Bd3 Bc3 34. Bxc3+ Qxc3 35. Kf1 Nd4 36. Rc1 Nxb3 37. Rd1 Nd4 38. Rc1 Qxa3 39. Ke1 Qxc1+ 0-1


[Site "https://www.chess.com"]

[Event "Titled Tuesday Blitz November 07 Late 2023"]
[White "Jaskolka, Tomasz"]
[Black "Inepton_Fermion"]
[WhiteFideId "1170791"]
[WhiteElo "2570"]
[BlackElo "2408"]
[Result "1-0"]
[Round "6"]
[TimeControl "180+1"]
[Date "2023.11.07"]
[WhiteClock "0:00:45"]
[BlackClock "0:00:01"]
[Board "88"]

1. e4 c5 2. Nf3 e6 3. b4 cxb4 4. d4 d5 5. e5 Nc6 6. a3 bxa3 7. Bxa3 Bxa3 8. Nxa3 Nge7 9. c3 Bd7 10. Bd3 a6 11. Nc2 h6 12. Ne3 b5 13. O-O Na5 14. Nd2 Qc7 15. Nb3 Nc4 16. Nc5 a5 17. Qg4 O-O 18. Bc2 Nxe5 19. Qg3 Rfc8 20. f4 Nc4 21. Ng4 Kh8 22. Qh4 Nf5 23. Bxf5 exf5 24. Nxh6 gxh6 25. Qxh6+ Kg8 26. Rf3 Qc6 27. Rg3+ 1-0


[Site "https://www.chess.com"]

[Event "Titled Tuesday Blitz November 07 Late 2023"]
[White "PapaieDudu"]
[Black "Lymar, Vladislav"]
[BlackFideId "14162180"]
[WhiteElo "2383"]
[BlackElo "2527"]
[Result "0-1"]
[Round "6"]
[TimeControl "180+1"]
[Date "2023.11.07"]
[WhiteClock "0:02:49"]
[BlackClock "0:02:32"]
[Board "89"]

1. e4 c5 2. Nf3 a6 3. d4 cxd4 4. Nxd4 Nf6 5. Nc3 e5 6. Nde2 Bc5 7. Bg5 Bxf2+ 8. Kxf2 Ng4+ 9. Kg3 Qxg5 10. h4 Qe3+ 11. Kxg4 d5+ 12. Kh5 g6# 0-1


[Site "https://www.chess.com"]

[Event "Titled Tuesday Blitz November 07 Late 2023"]
[White "Wartiovaara, Oliver"]
[Black "Eggleston, Thomas A"]
[WhiteFideId "513024"]
[BlackFideId "412139"]
[WhiteElo "2522"]
[BlackElo "2374"]
[Result "1-0"]
[Round "6"]
[TimeControl "180+1"]
[Date "2023.11.07"]
[WhiteClock "0:01:34"]
[BlackClock "0:00:50"]
[Board "90"]

1. e4 e6 2. d3 c5 3. Nd2 Nc6 4. Ngf3 d5 5. g3 Bd6 6. Bg2 Nge7 7. O-O d4 8. Nc4 e5 9. Nxd6+ Qxd6 10. Nd2 O-O 11. Nc4 Qc7 12. f4 f6 13. fxe5 Nxe5 14. Nxe5 fxe5 15. Rxf8+ Kxf8 16. Qh5 Be6 17. Qxh7 c4 18. Bg5 Ng8 19. Rf1+ Ke8 20. Bh3 Qd7 21. Bxe6 Qxe6 22. Qxg7 cxd3 23. Rf8# 1-0


[Site "https://www.chess.com"]